 Dungeon Crawl Stone Soup version 0.30-a0-852-g08b95dd62f (webtiles) character file.

Game seed: 15136983403925322702

61 Firecrotchwizard the Chopper (level 4, -3/40 HPs)
             Began as a Hill Orc Monk on Mar 5, 2023.
             Killed from afar by a white imp (11 damage)
             ... with a puff of frost
             ... on level 3 of the Dungeon.
             The game lasted 00:02:50 (1714 turns).

Firecrotchwizard the Chopper (Hill Orc Monk)        Turns: 1714, Time: 00:02:51

Health: -3/40      AC:  5    Str: 15    XL:     4   Next: 7%
Magic:  4/4        EV: 11    Int: 10    God:
Gold:   122        SH:  0    Dex: 19    Spells: 3/3 levels left

rFire   . . .      SeeInvis .    a - +0 hand axe
rCold   . . .      Faith    .    (no shield)
rNeg    . . .      Spirit   .    f - +0 ring mail
rPois   .          Reflect  .    (no helmet)
rElec   .          Rampage  .    (no cloak)
rCorr   .                        (no gloves)
Will    .....                    (no boots)
Stlth   +                        n - amulet of magic regeneration
HPRegen 0.26/turn                o - +6 ring of dexterity
MPRegen 0.49/turn                (no ring)

@: no status effects
A: no striking features
a: no special abilities


You were on level 3 of the Dungeon.
You visited 1 branch of the dungeon, and saw 3 of its levels.

You collected 122 gold pieces.

Inventory:

Hand Weapons
 a - a +0 hand axe (weapon)
Missiles
 h - 5 curare-tipped darts
 l - 2 throwing nets {!d}
 s - 8 stones (quivered)
Armour
 b - a +0 robe
 d - a +0 leather armour
   (You found it on level 1 of the Dungeon)
 f - a +0 ring mail (worn)
   (You found it on level 1 of the Dungeon)
Magical Staves
 g - a staff of death {rN+}
   (You found it on level 1 of the Dungeon)
Jewellery
 n - an amulet of magic regeneration (around neck)
   (You found it on level 3 of the Dungeon)
 o - a +6 ring of dexterity (left hand)
   (You found it on level 3 of the Dungeon)
Scrolls
 c - 2 scrolls of teleportation {unknown}
 e - a scroll of brand weapon {unknown}
 i - a scroll of blinking {unknown}
 k - 4 scrolls of identify {unknown}
 m - a scroll of fog {unknown}
Potions
 j - a potion of attraction {unknown}
 p - a potion of degeneration {unknown}
 q - a potion of lignification {unknown}
 G - a potion of ambrosia {!q}


   Skills:
 + Level 4.2 Fighting
 * Level 5.4 Axes
 + Level 1.6 Armour
 - Level 2.4 Dodging
 - Level 1.5 Stealth


You had 3 spell levels left.
You didn't know any spells.
Your spell library was empty.

Dungeon Overview and Level Annotations

Branches:
Dungeon (3/15)

Altars:


Message History

You see here a +0 dagger.
Found an escape hatch in the floor.
Health restored: 40 A hobgoblin comes into view.
The hobgoblin shouts!
A hobgoblin is nearby!
The hobgoblin hits you but does no damage.
You closely miss the hobgoblin.
The hobgoblin hits you but does no damage.
A giant cockroach comes into view.
The hobgoblin misses you.
You closely miss the hobgoblin. The hobgoblin closely misses you.
You hit the hobgoblin. The hobgoblin hits you.
You take 1 damage, and have 39/40 hp.
You hit the hobgoblin. The hobgoblin closely misses you.
You hit the hobgoblin.
You kill the hobgoblin!
The giant cockroach waves its antennae.
Health restored: 40 You closely miss the giant cockroach.
The giant cockroach bites you but does no damage.
You closely miss the giant cockroach. The giant cockroach barely misses you.
The giant cockroach closely misses you.
You closely miss the giant cockroach. The giant cockroach barely misses you.
You hit the giant cockroach.
The giant cockroach bites you but does no damage.
You hit the giant cockroach.
You kill the giant cockroach!
Things that are here:
a giant cockroach corpse; a hobgoblin corpse
Found a stone staircase leading up.
You now have 104 gold pieces (gained 11).
o - a +6 ring of dexterity You feel agile.
o - a +6 ring of dexterity (left hand)
Found a stone staircase leading down.
You now have 111 gold pieces (gained 7).
There is a stone staircase leading down here.
A frilled lizard comes into view.
A frilled lizard is nearby!
The frilled lizard barely misses you.
You slash the frilled lizard!
You kill the frilled lizard!
You see here a frilled lizard corpse.
Found a stone staircase leading down.
There is a stone staircase leading down here.
k - 4 scrolls labelled CEIXEI ZIETAGE (gained 3)
p - a fuming black potion A quokka comes into view.
A quokka is nearby!
You now have 122 gold pieces (gained 11).
Found a stone staircase leading up.
q - a puce potion A white imp comes into view.
The white imp shouts, "Escape, thou artless beef-witted bladder!"
A kobold comes into view. It is wielding a +0 dagger.
The white imp gestures at you. The puff of frost hits you.
You take 1 damage, and have 39/40 hp.
The kobold shouts!
You barely miss the white imp. The white imp barely misses you.
You hit the white imp but do no damage. The white imp hits you.
The white imp freezes you.
You take 8 damage, and have 31/40 hp.
You hit the white imp but do no damage. The white imp gestures at you.
The puff of frost hits you!
You take 9 damage, and have 22/40 hp.
MASSIVE DAMAGE!!
You hit the white imp. The white imp hits you. The white imp freezes you.
You take 6 damage, and have 16/40 hp.
You closely miss the white imp. The white imp gestures at you.
The puff of frost hits you.
* * * LOW HITPOINT WARNING * * *
You take 5 damage, and have 11/40 hp.
You barely miss the white imp.
The white imp hits you but does no damage.
Unknown command.
You barely miss the white imp. The white imp barely misses you. x2
You barely miss the white imp. The white imp completely misses you.
You hit the white imp.
The white imp lashes its tail.
The white imp hits you.
* * * LOW HITPOINT WARNING * * *
The white imp freezes you.
* * * LOW HITPOINT WARNING * * *
You take 5 damage, and have 7/40 hp.
You hit the white imp.
The white imp hits you but does no damage.
You closely miss the white imp.
The white imp hits you but does no damage.
Unknown command.
You hit the white imp but do no damage. The white imp gestures at you.
The puff of frost misses you.
You hit the white imp. The white imp gestures at you.
The puff of frost hits you!
You die...

#. ### #. #.. #?
#.# #.. #.##.##
#.# #..... #.#
#..#.# #.#
#..#<###.####
##.##
#....@5K.....
#...#
##.#.###.####
###...######.#.#
#............#.#
#^###.########.#
##.###.########.#
................#
##.###.##########
.......#


You could see a white imp and a kobold.

Vanquished Creatures
  A gnoll (D:3)
  A worm (D:2)
  3 dart slugs (D:1)
  4 ball pythons
  5 endoplasms
  3 giant cockroaches
  3 goblins
  4 hobgoblins
  2 jackals (D:2)
  A quokka (D:1)
  5 bats
  3 frilled lizards
  3 kobolds
  3 rats
41 creatures vanquished.

Vanquished Creatures (others)
  A plant (D:2)
1 creature vanquished.

Grand Total: 42 creatures vanquished

Notes
Turn   | Place    | Note
-------+----------+-------------------------------------------
     0 | D:1      | Firecrotchwizard the Hill Orc Monk began the quest for the
                  | Orb.
     0 | D:1      | Reached XP level 1. HP: 19/19 MP: 1/1
   225 | D:1      | Reached XP level 2. HP: 27/27 MP: 2/2
   574 | D:1      | Reached skill level 1 in Armour
   787 | D:1      | Reached skill level 4 in Fighting
   787 | D:1      | Reached XP level 3. HP: 13/33 MP: 3/3
  1111 | D:2      | Reached skill level 5 in Axes
  1401 | D:3      | Reached XP level 4. HP: 32/40 MP: 4/4
  1710 | D:3      | HP: 7/40 [white imp (5)]
  1714 | D:3      | Killed from afar by a white imp

Illustrated notes

Levels and vault maps discovered:
D:1:      evilmike_arrival_hilbert_curve, layout_loops_ring
D:2:      layout_basic, basic_altar, serial_forest,
          infiniplex_forest_lined_room_, infiniplex_forest_end_3,
          infiniplex_forest_lined_room_2, infiniplex_forest_clump_medium,
          infiniplex_forest_clump_medium, infiniplex_forest_lined_corner,
          infiniplex_forest_3_way
D:3:      layout_loops_ring, minmay_misc_feat_x

Skill      XL: |  1  2  3 |
---------------+----------+-----
Armour         | 1 |  1.6
Fighting       | 4 |  4.2
Axes           | 5 |  5.4
Dodging        | |  2.4
Stealth        | |  1.5

Action                     |  1- 3 |  4- 6 || total
---------------------------+-------+-------++-------
  Melee: Hand axe          |   150 |    29 ||   179
         Punch             |     3 |       ||     3
 Armour: Leather armour    |     5 |       ||     5
         Ring mail         |    51 |     7 ||    58
  Dodge: Dodged            |    98 |    14 ||   112

Table legend: (Time is in decaauts)
 A = Elapsed time spent in this place.
 B = Non-inter-level travel time spent in this place.
 C = Inter-level travel time spent in this place.
 D = Time resting spent in this place.
 E = Time spent auto-exploring this place.
 F = Levels seen in this place.
 G = Mean time per level.
                   A        B        C        D        E       F      G
               +--------+--------+--------+--------+--------+-----+--------+
         Total |   1723 |   1688 |     35 |     50 |   1212 |   3 |  574.3 |
       Dungeon |   1723 |   1688 |     35 |     50 |   1212 |   3 |  574.3 |
               +--------+--------+--------+--------+--------+-----+--------+

Top non-repeatable levels by time:
     D:1: 1019 daAuts
     D:3: 405 daAuts
     D:2: 297 daAuts

Table legend:
 A = Kills in this place as a percentage of kills in the entire game.
 B = Kills by you in this place as a percentage of kills by you in the entire game.
 C = Kills by friends in this place as a percentage of kills by friends in the entire game.
 D = Other kills in this place as a percentage of other kills in the entire game.
 E = Experience gained in this place as a percentage of experience gained in the entire game.
 F = Experience gained in this place divided by the number of levels of this place that you have seen.
                   A       B       C       D       E      F
               +-------+-------+-------+-------+-------+----------------------
         Total | 100.0 | 100.0 |   N/A |   N/A | 100.0 |  29.3
       Dungeon | 100.0 | 100.0 |   N/A |   N/A | 100.0 |  29.3
               +-------+-------+-------+-------+-------+----------------------
